 Dungeon Crawl Stone Soup version 0.26.0-10-g1f06aea511 (webtiles) character file.

Game seed: 2456532536309443318

175 MajorAdolf the Sneak (level 5, -5/45 HPs)
             Began as a Naga Wanderer on Jan 16, 2021.
             Slain by a centaur skeleton (8 damage)
             ... on level 4 of the Dungeon.
             The game lasted 00:06:33 (4110 turns).

MajorAdolf the Sneak (Naga Wanderer)                Turns: 4110, Time: 00:06:34

Health: -5/45      AC:  6    Str: 16    XL:     5   Next: 55%
Magic:  4/8        EV:  6    Int: 11    God:
Gold:   213        SH:  3    Dex: 11    Spells: 5/9 levels left

rFire    . . .     SeeInvis +   l - +0 dagger
rCold    . . .     Faith    .   s - +0 buckler
rNeg     . . .     Spirit   .   d - +0 robe
rPois    +         Reflect  .   (no helmet)
rElec    .         Harm     .   (no cloak)
rCorr    .         Rampage  .   (no gloves)
Will     .....                  n - +0 barding
Stlth    ++........             (no amulet)
HPRegen  0.15/turn              (no ring)
MPRegen  0.11/turn              (no ring)

@: very slow
A: large, see invisible, deformed body, poison resistance, slowness 2, spit
poison 1, AC +1
a: Spit Poison


You were on level 4 of the Dungeon.
You visited 1 branch of the dungeon, and saw 4 of its levels.

You collected 213 gold pieces.

Inventory:

Hand Weapons
 l - a +0 dagger (weapon)
Missiles
 k - 71 stones
Armour
 d - a +0 robe (worn)
 f - a +0 kite shield
 n - a +0 barding (worn)
 q - a +0 tower shield
 s - a +0 buckler (worn)
Jewellery
 b - a cursed -4 ring of intelligence {unknown}
Scrolls
 a - a scroll of fear {unknown}
 c - a scroll of enchant armour {unknown}
 h - 6 scrolls of remove curse {unknown}
 i - 3 scrolls of identify {unknown}
 p - a scroll of immolation {unknown}
 t - a scroll of teleportation {unknown}
Potions
 e - a potion of flight {unknown}
 g - a potion of might {unknown}
 j - 3 potions of curing {unknown}
 m - a potion of ambrosia {unknown}
 o - a potion of brilliance {unknown}
 r - a potion of magic {unknown}


   Skills:
 + Level 1.8 Fighting
 + Level 1.3 Short Blades
 - Level 1.0 Throwing
 + Level 3.8 Stealth
 + Level 1.0 Shields
 + Level 2.6 Spellcasting
 + Level 2.5 Transmutations
 + Level 3.3 Fire Magic
 + Level 2.3 Poison Magic


You had 5 spell levels left.
You knew the following spells:

 Your Spells              Type           Power        Failure   Level
a - Sting                 Tmut/Pois      24%          13%         1
b - Ignite Poison         Fire/Tmut/Pois 7%           34%         3

Your spell library contained the following spells:

 Spells                   Type           Power        Failure   Level
 Foxfire                  Conj/Fire      20%          19%         1
 Passwall                 Tmut/Erth      3%           32%         2
 Sandblast                Erth           2%           36%         1
 Conjure Flame            Conj/Fire      5%           47%         3
 Stone Arrow              Conj/Erth      2%           73%         3
 Petrify                  Tmut/Erth      4%           91%         4
 Lee's Rapid Deconstruct  Erth           0%           100%        5


Dungeon Overview and Level Annotations

Branches:
Dungeon (4/15)
 Temple: D:4-7

Altars:
Kikubaaqudgha


Innate Abilities, Weirdness & Mutations

You cannot wear boots.
Your serpentine skin is tough. (AC +1)
You have supernaturally acute eyesight. (SInv)
Armour fits poorly on your strangely shaped body.
Your system is resistant to poisons. (rPois)
You cover ground very slowly.
You can spit poison.


Message History

Aim: a leopard gecko (severely wounded, poisoned, 48% to evade)
The sting misses the leopard gecko.
The centaur skeleton hits you.
* * * LOW HITPOINT WARNING * * *
The leopard gecko bites you but does no damage.
Unknown command.
Casting: Sting (safe; 13% risk of failure)
Confirm with . or Enter, or press ? or * to list all spells.
Aiming: Sting (safe; 13% risk of failure)
Press: ? - help, Shift-Dir - straight line, f/p - leopard gecko
Aim: a leopard gecko (severely wounded, poisoned, 48% to evade)
The sting hits the leopard gecko.
The leopard gecko looks even sicker.
The leopard gecko is almost dead.
The centaur skeleton hits you but does no damage.
You block the leopard gecko's attack. The centaur skeleton hits you.
* * * LOW HITPOINT WARNING * * *
Okay, then.
Unknown command.
The centaur skeleton barely misses you. You block the leopard gecko's attack.
The centaur skeleton hits you!
You die...

###........#
###......# #......#
## #..#..## ...#
##.##### .....#..#
.........#######
...........Z...####
..........l@........
....................
......(.....#####.##
...........$# #
...........##
..##.##..## #.. #.[8
#. #.#


You could see a leopard gecko (very poisoned) and a centaur skeleton.

Vanquished Creatures
  3 worker ants
  2 adders
  An ooze (D:1)
  3 worms
  3 dart slugs
  2 leopard geckos (D:3)
  6 orcs (D:3)
  6 bats
  2 giant cockroaches
  4 goblins
  9 hobgoblins
  2 jackals (D:1)
  A quokka (D:2)
  A ball python (D:1)
  2 frilled lizards
  7 kobolds
  6 rats
60 creatures vanquished.

Vanquished Creatures (others)
  4 toadstools (D:1)
4 creatures vanquished.

Grand Total: 64 creatures vanquished

Notes
Turn   | Place    | Note
-------+----------+-------------------------------------------
     0 | D:1      | MajorAdolf the Naga Wanderer began the quest for the Orb.
     0 | D:1      | MajorAdolf set off with the following items: a +0 club, a
                  | +0 robe; and the following spells available to memorise:
                  | Sting, Foxfire, Sandblast, Passwall, Ignite Poison, Conjure
                  | Flame, Stone Arrow, Petrify, Lee's Rapid Deconstruction
     0 | D:1      | Reached XP level 1. HP: 15/15 MP: 3/3
   373 | D:1      | Learned a level 1 spell: Sting
   405 | D:1      | Reached skill level 1 in Fighting
   405 | D:1      | Reached XP level 2. HP: 5/25 MP: 5/5
  1793 | D:2      | Reached XP level 3. HP: 30/31 MP: 3/6
  2139 | D:2      | Learned a level 3 spell: Ignite Poison
  2754 | D:3      | Reached XP level 4. HP: 38/38 MP: 7/7
  2806 | D:3      | Found an ancient bone altar of Kikubaaqudgha.
  3493 | D:3      | Reached skill level 1 in Short Blades
  3903 | D:3      | Reached XP level 5. HP: 38/44 MP: 2/8
  3957 | D:4      | Reached skill level 1 in Shields
  4110 | D:4      | Slain by a centaur skeleton

Illustrated notes

Levels and vault maps discovered:
D:1:      ldierk_walled_garden_2, layout_basic, serial_aquarium,
          aquarium_bridge_square [aquarium_subvault_bridge,
          aquarium_subvault_wall, aquarium_subvault_window,
          aquarium_subvault_wall], aquarium_bridge_square
          [aquarium_subvault_window, aquarium_subvault_wall,
          aquarium_subvault_bridge, aquarium_subvault_window],
          aquarium_window_2, aquarium_window_2, aquarium_view_2a,
          aquarium_pool_S, minmay_crystal_room, feat_on_display
D:2:      layout_basic
D:3:      layout_basic, kiku_gazebo_pond_becter
D:4:      layout_cave_pods, minmay_temple_entry_antechambers, serial_shops,
          shop_statue

Skill      XL: |  1  2  3  4  5 |
---------------+----------------+-----
Stealth        | 2 3 |  3.8
Fighting       | 1 |  1.8
Poison Magic   | 2 |  2.3
Short Blades   | 1 |  1.3
Shields        | 1 |  1.0
Throwing       | |  1.0
Spellcasting   | |  2.6
Transmutations | |  2.5
Fire Magic     | |  3.3

Action                   |  1- 3 |  4- 6 || total
-------------------------+-------+-------++-------
Melee: Club              |    12 |       ||    12
       Short sword       |    23 |       ||    23
       Dagger            |    40 |    47 ||    87
 Cast: Sting             |    16 |    39 ||    55
 Abil: Spit Poison       |    19 |    15 ||    34
 Stab: Sleeping          |     4 |     1 ||     5
Armor: Robe              |    29 |    35 ||    64
Dodge: Dodged            |    46 |    23 ||    69
Block: Buckler           |       |     7 ||     7
